 Dungeon Crawl Stone Soup version 0.18.1-8-gdd0e5ea (webtiles) character file.

23032 Freyj the Cleaver (level 12, -1/165 HPs)
             Began as a Minotaur Fighter on May 18, 2016.
             Was a High Priest of Trog.
             Slain by a death yak (15 damage)
             ... on level 3 of the Lair of Beasts on June 4, 2016.
             The game lasted 00:49:18 (15621 turns).

Freyj the Cleaver (Minotaur Fighter)               Turns: 15621, Time: 00:49:20

Health: -1/165     AC: 15    Str: 31    XL:     12   Next: 68%
Magic:  11/11      EV: 14    Int:  5    God:    Trog [*****.]
Gold:   655        SH: 16    Dex: 10    Spells: 0 memorised, 11 levels left

rFire  . . .     SeeInvis .     Z - +0 war axe
rCold  + . .     Gourm    .     h - +4 scale mail
rNeg   . . .     Faith    .     c - +0 shield
rPois  .         Spirit   .     (helmet restricted)
rElec  .         Dismiss  .     Y - +0 cloak
rCorr  .         Reflect  +     R - +0 pair of gloves
SustAt .         Harm     .     (no boots)
MR     +....                    m - +2 amulet of reflection
Stlth  ..........               t - ring of protection from cold
                                (no ring)

@: berserking, very quick, somewhat resistant to hostile enchantments, extremely
unstealthy
A: retaliatory headbutt, horns 2, magic resistance 1
a: Berserk, Trog's Hand, Brothers in Arms, Burn Spellbooks, Renounce Religion


You were on level 3 of the Lair of Beasts.
You worshipped Trog.
Trog was extremely pleased with you.
You were not hungry.

You visited 3 branches of the dungeon, and saw 14 of its levels.

You collected 864 gold pieces.
You spent 209 gold pieces at shops.

Inventory:

Hand Weapons
 b - a +5 greatsling of velocity
 V - a +2 antimagic eveningstar
 Z - a +0 war axe (weapon)
Armour
 c - a +0 shield (worn)
 h - a +4 scale mail (worn)
 R - a +0 pair of gloves (worn)
 S - a +0 large shield
 Y - a +0 cloak (worn)
Jewellery
 m - a +2 amulet of reflection (around neck)
 t - a ring of protection from cold (right hand)
 z - an uncursed amulet of dismissal
 B - an uncursed amulet of regeneration
Scrolls
 g - a scroll of enchant armour {unknown}
 k - 3 scrolls of recharging
 l - 6 scrolls of magic mapping
 o - 4 scrolls of teleportation
 p - 3 scrolls of fear {unknown}
 r - 2 scrolls of blinking {unknown}
 u - a scroll of acquirement {unknown}
 v - 2 scrolls of enchant weapon {unknown}
 w - a scroll of noise {unknown}
 y - 7 scrolls of remove curse
 C - 2 scrolls of brand weapon {unknown}
 D - a scroll of summoning
 F - 2 scrolls of random uselessness {unknown}
 H - 2 scrolls of vulnerability {unknown}
 J - 4 scrolls of fog
 K - 3 scrolls of immolation
 Q - a scroll of amnesia {unknown}
Potions
 a - 3 potions of berserk rage
 d - a potion of might
 e - a potion of invisibility
 f - a potion of cure mutation
 j - 2 potions of agility
 n - 3 potions of brilliance
 s - 3 potions of flight
 x - a potion of lignification
 A - a potion of beneficial mutation
 M - a potion of haste
 N - a potion of ambrosia
 U - 2 potions of resistance
Comestibles
 i - 5 meat rations
 q - 10 fruits
 E - 5 bread rations
 G - 4 chunks of flesh
 O - 4 slices of pizza
 P - a beef jerky


   Skills:
 + Level 11.4 Fighting
 + Level 12.8 Axes
 + Level 10.3 Armour
 + Level 9.9 Dodging
 + Level 1.8 Stealth
 + Level 12.8 Shields


You had 11 spell levels left.
You didn't know any spells.

Dungeon Overview and Level Annotations

Branches:
Dungeon (10/15)            Temple (1/1) D:4            Lair (3/8) D:10
  Snake (0/4) Lair:3          Orc (0/2) D:9
  Swamp: Lair:3-6    Shoals: Lair:3-6

Altars:
Ashenzari
Cheibriados
Dithmenos
Elyvilon
Fedhas
Gozag
Kikubaaqudgha
Makhleb
Nemelex Xobeh
Okawaru
Pakellas
Qazlal
Ru
Sif Muna
Trog
Vehumet
Xom
Yredelemnul
Zin
The Shining One

Shops:
D:5 *   D:6 *


Innate Abilities, Weirdness & Mutations

You reflexively headbutt those who attack you in melee.
You have a pair of horns on your head.
You are resistant to hostile enchantments.


Message History

You slash the death yak!
The death yak is severely wounded.
The death yak gores you but does no damage.
The death yak gores you!
* * * LOW HITPOINT WARNING * * *
The death yak gores you!
* * * LOW HITPOINT WARNING * * *
You slash the death yak! Your headbutt misses the death yak.
The death yak is moderately wounded.
You slice the death yak!!
The death yak is almost dead.
You barely miss the death yak.
The death yak is heavily wounded.
You slash the death yak!
The death yak is almost dead.
You slash the plant!
The plant is almost destroyed.
You block the death yak's attack. The death yak closely misses you.
You furiously retaliate!
You headbutt the death yak! The death yak gores you!
You die...

..#............##...##.....#.....
...........#........###....###..#
...#......##..#.#...###.....#.'.#
..######.##...P..≈P#.#...........
....#.P.#.#P.≈≈≈≈≈..##.......(...
............≈≈≈≈≈≈≈.##...........
...........≈≈≈.)≈≈≈≈≈....!.......
..........≈≈≈...YY≈≈≈............
..........≈))...@Y≈≈≈#...........
....P.###≈≈≈...>YP.≈≈#........#.#
...#..###≈≈≈.......≈≈.##....#.#.#
..##......≈≈≈..P≈.≈≈≈.##.........
..##.......≈≈≈...≈≈≈........#....
..##.....##P≈≈≈≈≈≈≈..............
.............≈≈≈≈≈.........##....
..#.......#.....P.....##....#....
...#...##.#.....P.....##.........


You could see 4 death yaks.

Vanquished Creatures
  2 hydras
  16 elephants (Lair:2)
  2 black mambas (Lair:3)
  A spiny frog (Lair:3)
  7 komodo dragons
  Grinder (D:6)
  A two-headed ogre (D:10)
  9 blink frogs (Lair:3)
  Sigmund (D:5)
  15 yaks
  3 fire bats
  5 hippogriffs
  Edmund (D:5)
  2 nagas (Lair:3)
  9 water moccasins
  A swamp drake (D:10)
  An orc warrior (D:5)
  3 porcupines
  Duvessa (D:4)
  3 black bears
  3 sky beasts
  2 wasps (D:7)
  2 necrophages (D:8)
  4 ogres
  A centaur (D:10)
  10 wolves
  6 crocodiles
  A big kobold (D:8)
  5 giant frogs
  Dowan (D:4)
  3 scorpions
  4 killer bees (D:7)
  17 wights
  2 howler monkeys
  An electric eel (Lair:1)
  A lava snake (Lair:1)
  3 crimson imps
  4 giant frog zombies
  8 hounds
  2 jellies
  3 orc priests
  9 iguanas
  10 orc wizards
  A giant frog skeleton (D:8)
  3 iron imps (D:3)
  5 worker ants
  7 sheep (Lair:2)
  2 hound skeletons (D:4)
  2 worker ant zombies (D:8)
  Robin (D:2)
  A howler monkey skeleton (D:9)
  3 gnolls (D:5)
  23 river rats
  6 adders
  A shadow imp (D:10)
  2 oozes
  2 adder zombies (D:8)
  3 worms
  A dart slug (D:1)
  5 giant geckos
  59 orcs
  6 bats (D:1)
  A giant cockroach (D:4)
  16 goblins
  7 hobgoblins
  10 jackals
  5 quokkas
  2 ball pythons
  7 giant newts
  13 kobolds
  A quokka zombie (D:8)
  6 rats
  2 bushes (D:6)
  5 fungi (Lair:2)
  2 plants
396 creatures vanquished.

Vanquished Creatures (collateral kills)
  3 fungi (Lair:2)
  A plant (Lair:2)
4 creatures vanquished.

Vanquished Creatures (others)
  A centaur (D:6)
  A dart slug (D:1)
  An orc (D:10)
  19 fungi
  7 plants
29 creatures vanquished.

Grand Total: 429 creatures vanquished

Notes
Turn   | Place    | Note
--------------------------------------------------------------
     0 | D:1      | Freyj the Minotaur Fighter began the quest for the Orb.
     0 | D:1      | Reached XP level 1. HP: 19/19 MP: 0/0
   167 | D:1      | Reached XP level 2. HP: 27/27 MP: 1/1
   482 | D:1      | Reached XP level 3. HP: 32/34 MP: 2/2
  1008 | D:2      | Found a faded altar to an unknown god.
  1029 | D:2      | Became a worshipper of Trog the Wrathful
  1029 | D:2      | Reached * piety under Trog
  1472 | D:2      | Noticed Robin
  1479 | D:2      | Reached skill level 1 in Dodging
  1484 | D:2      | Killed Robin
  1484 | D:2      | Reached XP level 4. HP: 38/41 MP: 3/3
  1503 | D:2      | Reached ** piety under Trog
  1531 | D:2      | Found a shimmering altar of Xom.
  1748 | D:3      | Found a bloodstained altar of Trog.
  1865 | D:3      | Reached XP level 5. HP: 27/47 MP: 4/4
  2208 | D:3      | Found an ancient bone altar of Kikubaaqudgha.
  2320 | D:3      | Found a burning altar of Makhleb.
  2355 | D:3      | Reached skill level 5 in Shields
  2473 | D:3      | Reached XP level 6. HP: 48/53 MP: 5/5
  2477 | D:3      | Reached skill level 5 in Armour
  2601 | D:3      | Found a deep blue altar of Sif Muna.
  2938 | D:4      | Noticed Duvessa
  2940 | D:4      | Noticed Dowan
  2954 | D:4      | Killed Duvessa
  2974 | D:4      | Killed Dowan
  2974 | D:4      | Reached skill level 5 in Fighting
  2974 | D:4      | Reached skill level 5 in Axes
  2974 | D:4      | Reached XP level 7. HP: 56/61 MP: 6/6
  3186 | D:4      | Found a glowing silver altar of Zin.
  3327 | D:4      | Reached *** piety under Trog
  3541 | D:4      | Found a staircase to the Ecumenical Temple.
  3547 | Temple   | Entered the Ecumenical Temple
  4350 | D:5      | Entered Level 5 of the Dungeon
  4411 | D:5      | Found Ysiotyod's General Store.
  4419 | D:5      | Bought a scroll of remove curse for 33 gold pieces
  4419 | D:5      | Bought a potion of heal wounds for 55 gold pieces
  4419 | D:5      | Bought a potion of might for 44 gold pieces
  4471 | D:5      | Reached XP level 8. HP: 57/70 MP: 7/7
  4567 | D:5      | Noticed Sigmund
  4579 | D:5      | Killed Sigmund
  4579 | D:5      | Reached skill level 1 in Stealth
  4621 | D:5      | Noticed Edmund
  4635 | D:5      | Killed Edmund
  5184 | D:6      | Noticed Grinder
  5202 | D:6      | Paralysed by Grinder for 4 turns
  5209 | D:6      | Killed Grinder
  5312 | D:6      | You fall through a shaft for 2 floors!
  5330 | D:8      | Reached XP level 9. HP: 78/78 MP: 8/8
  5421 | D:8      | Found a glowing golden altar of the Shining One.
  5600 | D:8      | Reached **** piety under Trog
  6575 | D:7      | Reached skill level 5 in Dodging
  7556 | D:6      | Found a blossoming altar of Fedhas.
  7679 | D:6      | Found Viehucw's General Store.
  7689 | D:6      | Bought a slice of pizza for 21 gold pieces
  7689 | D:6      | Bought a scroll of identify for 28 gold pieces
  7689 | D:6      | Bought a scroll of identify for 28 gold pieces
  7736 | D:6      | Found a sparkling altar of Nemelex Xobeh.
  8224 | D:8      | Reached ***** piety under Trog
  8346 | D:9      | Found a staircase to the Orcish Mines.
  8428 | D:9      | Reached XP level 10. HP: 88/88 MP: 9/9
  9379 | D:10     | Entered Level 10 of the Dungeon
  9419 | D:10     | Reached skill level 10 in Shields
  9472 | D:10     | Noticed a five-headed hydra
  9488 | D:10     | Killed a 14-headed hydra
 10156 | D:10     | Received a gift from Trog
 10289 | D:10     | Found a staircase to the Lair.
 10308 | D:10     | Reached skill level 10 in Axes
 10465 | Lair:1   | Entered Level 1 of the Lair of Beasts
 10709 | D:10     | Reached XP level 11. HP: 86/97 MP: 10/10
 12437 | Lair:2   | Reached skill level 10 in Fighting
 12864 | Lair:2   | HP: 5/101 [elephant (9)]
 12883 | Lair:2   | Reached XP level 12. HP: 56/108 MP: 11/11
 13145 | Lair:2   | Received a gift from Trog
 13412 | Lair:2   | Noticed an eight-headed hydra
 13423 | Lair:2   | Killed a 14-headed hydra
 13662 | Lair:2   | Gained mutation: You are resistant to hostile enchantments. [potion of beneficial mutation]
 13851 | Lair:2   | Upgraded the game from 0.18.1-6-gd335043 to 0.18.1-8-gdd0e5ea
 14038 | Lair:3   | Reached skill level 10 in Armour
 14329 | Lair:3   | Found a staircase to the Snake Pit.
 15605 | Lair:3   | Noticed a death yak
 15606 | Lair:3   | Noticed a death yak
 15607 | Lair:3   | Noticed a death yak
 15608 | Lair:3   | Noticed a death yak
 15621 | Lair:3   | Slain by a death yak

Skill      XL: |  1  2  3  4  5  6  7  8  9 10 11 12 |
---------------+-------------------------------------+-----
Fighting       | 4 5 6 8 9 10 11 | 11.4
Armour         | 4 5 6 7 8 9 10 | 10.3
Shields        | 4 5 6 8 9 10 12 | 12.8
Dodging        | 1 2 3 4 5 7 8 9 |  9.9
Axes           | 3 5 7 8 10 11 12 | 12.8
Stealth        | 1 |  1.8

Action                   |  1- 3 |  4- 6 |  7- 9 | 10-12 || total
-------------------------+-------+-------+-------+-------++-------
Melee: War axe           |    88 |   125 |   478 |   683 ||  1374
       Headbutt          |    10 |    25 |    94 |   153 ||   282
Invok: Berserk           |       |       |     1 |    10 ||    11
       Burn Spellbooks   |       |       |       |     3 ||     3
  Use: Scroll            |       |     5 |     5 |    11 ||    21
       Potion            |       |       |       |     9 ||     9
  Eat: Bread ration      |     1 |       |     1 |     1 ||     3
       Chunk             |       |     2 |    10 |    16 ||    28
       Meat ration       |       |       |     1 |     2 ||     3
       Fruit             |       |       |       |     3 ||     3
       Royal jelly       |       |       |       |     1 ||     1
Armor: Scale mail        |    38 |    58 |   143 |   243 ||   482
       Skin              |       |       |       |   100 ||   100
Dodge: Dodged            |    33 |    34 |   158 |   298 ||   523
Block: Shield            |    64 |    66 |   309 |   647 ||  1086
       Reflection        |       |       |    13 |     6 ||    19
